NULL
Full Scoreboard »»

Maple Leafs vs Hurricanes

Created - April 18, 2024 at 22:13

Goals
1 2 3 T
Maple Leafs 2 0 2 4
Hurricanes 0 1 0 1
Shots
1 2 3 T
Maple Leafs 21 3 15 39
Hurricanes 11 13 11 35

GoalsPenalties
1st period
1. Maple Leafs , William Nylander 27 (Nick Suzuki 32, Jonathan Marchessault 30) at 13:18 (PP)
2. Maple Leafs , Nick Suzuki 24 (Michael Bunting 30, Carter Verhaeghe 28) at 13:40
Sean Kuraly (CAR) for Holding (Minor) at 5:37
Rasmus Sandin (CAR) for Holding (Minor) at 12:17
Robert Bortuzzo (CAR) for High sticking (Minor) at 18:28
Kris Letang (TOR) for Slashing (Minor) at 18:40
2nd period
3. Hurricanes , Sebastian Aho 32 (Mitch Marner 46, Ondrej Palat 23) at 8:07 (PP)
Michael Bunting (TOR) for Roughing (Minor) at 7:29
Jonathan Marchessault (TOR) for Tripping (Minor) at 15:26
3rd period
4. Maple Leafs , Will Smith 11 (Dawson Mercer 13, Ross Colton 12) at 7:57
5. Maple Leafs , Sean Durzi 2 (Michael Bunting 31, Dylan Strome 39) at 14:50 (PP)
Robert Bortuzzo (CAR) for Holding (Minor) at 14:38
Goalie Stats
Marc-Andre Fleury (TOR), 34 saves from 35 shots - (0.971), W, 36-14-3, 60:00 minutes
Matt Murray (CAR), 35 saves from 39 shots - (0.897), L, 10-5-0, 60:00 minutes
3 StarsOfficial
1 - Marc-Andre Fleury (TOR)
2 - Nick Suzuki (TOR)
3 - William Nylander (TOR)
Referees : Unknown
Linesman : Unknown
Game Note
No Game Note



Team Name Goals Shots Shots Attemp Shots Blocked PIM HIT PP PK FO%
Maple Leafs 4396886262 / 4 (50%)148%
Hurricanes 13554118231 / 3 (33%)252%

Maple Leafs
Player Name POS G A P +/- PIM HIT SHT SB MP PP MP PP SHT PK MP PK SHT FO% FOT GA TA
Andrew PeekeD0001020016:020:0000:0000% 000
Calle JarnkrokC/LW/RW0000000010:180:0000:3600% 200
Carter VerhaegheC/LW/RW0111022016:111:3110:060100% 210
Dawson MercerC/RW0111003112:380:0000:4400% 100
Dylan StromeC/LW0110033019:591:1921:17050% 1400
Jake BeanD0001002015:590:0000:0000% 001
Jason SpezzaC000000009:040:1200:00050% 400
Jonathan MarchessaultC/LW/RW0110231119:551:5300:23050% 210
Kris LetangD0001243122:051:5701:4200% 001
Michael BuntingLW/RW0221221015:421:3100:0000% 110
Morgan RiellyD0001025023:141:5801:4200% 001
Nick SuzukiC/RW1121032018:281:5301:17058% 2401
Nicklas BackstromC/RW000000108:520:0000:0000% 010
Ross ColtonC/LW/RW0111010011:540:0000:0000% 100
Ryan GravesD0000021121:201:2601:0700% 001
Sean DurziD1010002121:201:2611:0700% 002
Will SmithC1011004011:570:0000:00067% 310
William NylanderC/LW/RW1010029320:231:5311:15027% 1110
Hurricanes
Player Name POS G A P +/- PIM HIT SHT SB MP PP MP PP SHT PK MP PK SHT FO% FOT GA TA
Adam BoqvistD0000021216:000:0000:0000% 011
Adam HenriqueC/LW0000003016:421:0810:0000% 001
Brendan LemieuxLW/RW000001005:270:0000:0000% 000
Cam AtkinsonC/RW000-1002016:010:0000:00054% 1310
Chris TanevD0000011323:301:2501:5200% 001
Elmer SoderblomC/LW/RW000-1020015:350:0000:0000% 111
Jesper BoqvistC/LW000000001:180:0000:000100% 100
Justin FaulkD0000021223:301:2501:5210% 010
Mitch MarnerRW011-1024023:521:2901:46071% 701
Ondrej PalatLW/RW011-1003019:031:4101:26033% 300
Peyton KrebsC/LW/RW000000005:270:0000:0000% 000
Rasmus SandinD000-2213020:291:2401:3200% 010
Robert BortuzzoD0000421115:560:1200:0000% 000
Robert ThomasC/LW/RW0000036119:281:2001:38042% 1910
Sean KuralyC/LW/RW000-1220116:380:0000:1200% 210
Sebastian AhoC/LW/RW101-1018019:031:2921:46165% 1700
Seth JarvisC/LW/RW0000031016:161:0800:00050% 201
Timothy LiljegrenD000-2011120:301:2401:3200% 000

Maple Leafs

5 vs 5 Forward
Line #Left WingCenterRight WingPHYDFOFWanted %Time %Time Play
1William NylanderDylan StromeJonathan Marchessault1223532%16:52
2Michael BuntingNick SuzukiCarter Verhaeghe1223028%14:22
3Ross ColtonWill SmithDawson Mercer1222023%11:54
4Calle JarnkrokJason SpezzaNicklas Backstrom1221517%8:52
5 vs 5 Defense
Line #DefenseDefensePHYDFOFWanted %Time %Time Play
1Kris LetangMorgan Rielly1133535%18:25
2Ryan GravesSean Durzi1223535%18:19
3Andrew PeekeJake Bean1313029%15:16
4Kris LetangMorgan Rielly12200%0:00
Power Play Forward
Line #Left WingCenterRight WingPHYDFOFWanted %Time %Time Play
1Jonathan MarchessaultWilliam NylanderNick Suzuki1225055%1:53
2Michael BuntingDylan StromeCarter Verhaeghe1225045%1:31
Power Play Defense
Line #DefenseDefensePHYDFOFWanted %Time %Time Play
1Kris LetangMorgan Rielly1225058%1:58
2Ryan GravesSean Durzi1225042%1:26
Penalty Kill 4 Players Forward
Line #CenterWingPHYDFOFWanted %Time %Time Play
1William NylanderJonathan Marchessault1225054%1:32
2Dylan StromeNick Suzuki1225046%1:17
Penalty Kill 4 Players Defense
Line #DefenseDefensePHYDFOFWanted %Time %Time Play
1Kris LetangMorgan Rielly1225060%1:42
2Ryan GravesSean Durzi1225040%1:07
Penalty Kill 3 Players
Line #WingPHYDFOFWanted %Time %Time PlayDefenseDefensePHYDFOFWanted %Time %Time Play
1William Nylander122500%0:00 Kris LetangMorgan Rielly122500%0:00
2Jonathan Marchessault122500%0:00 Ryan GravesSean Durzi122500%0:00
4 vs 4 Forward
Line #CenterWingPHYDFOFWanted %Time %Time Play
1William NylanderJonathan Marchessault1225021%0:23
2Dylan StromeNick Suzuki1225079%1:24
4 vs 4 Defense
Line #DefensePHYDFOFWanted %Time %Time Play
1Kris LetangMorgan Rielly1225074%50% - 1:19
2Ryan GravesSean Durzi1225026%50% - 0:28
Last Minutes Offensive
Left WingCenterRight WingDefenseDefense
Jonathan MarchessaultWilliam NylanderNick SuzukiKris LetangMorgan Rielly
Last Minutes Defensive
Left WingCenterRight WingDefenseDefense
Jonathan MarchessaultWilliam NylanderNick SuzukiKris LetangMorgan Rielly
Time
Total ForwardTotal DefenseLast Minutes OffensiveLast Minutes Defensive
60:00 60:00 0:000:00
Extra Forwards
Normal PowerPlayPenalty Kill
Calle Jarnkrok, Carter Verhaeghe, Dylan StromeJason Spezza, Will SmithDawson Mercer
Extra Defensemen
Normal PowerPlayPenalty Kill
Andrew Peeke, Jake Bean, Ryan GravesAndrew Peeke, Jake BeanRyan Graves
Penalty Shots
William Nylander, Jonathan Marchessault, Dylan Strome, Nick Suzuki, Michael Bunting
Goalie
Marc-Andre Fleury, Connor Ingram
Custom OT Lines Forwards
William Nylander, Jonathan Marchessault, Dylan Strome, Nick Suzuki, Michael Bunting, Carter Verhaeghe, Will Smith, Dawson Mercer, Jason Spezza, Ross Colton
Custom OT Lines Defensemen
Kris Letang, Morgan Rielly, Ryan Graves, Sean Durzi, Andrew Peeke
Scratches
Danton Heinen (Healthy), Matthew Highmore (Healthy), Arvid Soderblom (Healthy)

Hurricanes

5 vs 5 Forward
Line #Left WingCenterRight WingPHYDFOFWanted %Time %Time Play
1Ondrej PalatSebastian AhoMitch Marner1223030%15:26
2Adam HenriqueRobert ThomasSeth Jarvis1223030%15:32
3Sean KuralyCam AtkinsonElmer Soderblom1223030%15:35
4Brendan LemieuxPeyton KrebsMitch Marner1221010%5:27
5 vs 5 Defense
Line #DefenseDefensePHYDFOFWanted %Time %Time Play
1Justin FaulkChris Tanev1223030%15:50
2Rasmus SandinTimothy Liljegren1223032%16:30
3Adam BoqvistRobert Bortuzzo1223030%15:45
4Justin FaulkChris Tanev122108%3:55
Power Play Forward
Line #Left WingCenterRight WingPHYDFOFWanted %Time %Time Play
1Ondrej PalatSebastian AhoMitch Marner1225053%1:29
2Adam HenriqueRobert ThomasSeth Jarvis1225047%1:20
Power Play Defense
Line #DefenseDefensePHYDFOFWanted %Time %Time Play
1Justin FaulkChris Tanev1225050%1:25
2Rasmus SandinTimothy Liljegren1225050%1:24
Penalty Kill 4 Players Forward
Line #CenterWingPHYDFOFWanted %Time %Time Play
1Mitch MarnerSebastian Aho1225052%1:46
2Ondrej PalatRobert Thomas1225048%1:38
Penalty Kill 4 Players Defense
Line #DefenseDefensePHYDFOFWanted %Time %Time Play
1Justin FaulkChris Tanev1225055%1:52
2Rasmus SandinTimothy Liljegren1225045%1:32
Penalty Kill 3 Players
Line #WingPHYDFOFWanted %Time %Time PlayDefenseDefensePHYDFOFWanted %Time %Time Play
1Mitch Marner122500%0:00 Justin FaulkChris Tanev122500%0:00
2Sebastian Aho122500%0:00 Rasmus SandinTimothy Liljegren122500%0:00
4 vs 4 Forward
Line #CenterWingPHYDFOFWanted %Time %Time Play
1Mitch MarnerSebastian Aho1225021%0:22
2Ondrej PalatRobert Thomas1225079%1:25
4 vs 4 Defense
Line #DefensePHYDFOFWanted %Time %Time Play
1Justin FaulkChris Tanev1225026%50% - 0:28
2Rasmus SandinTimothy Liljegren1225074%50% - 1:19
Last Minutes Offensive
Left WingCenterRight WingDefenseDefense
Ondrej PalatSebastian AhoMitch MarnerJustin FaulkChris Tanev
Last Minutes Defensive
Left WingCenterRight WingDefenseDefense
Ondrej PalatSebastian AhoMitch MarnerJustin FaulkChris Tanev
Time
Total ForwardTotal DefenseLast Minutes OffensiveLast Minutes Defensive
60:00 60:00 0:000:00
Extra Forwards
Normal PowerPlayPenalty Kill
Jesper Boqvist, Cam Atkinson, Sean KuralyJesper Boqvist, Cam AtkinsonSean Kuraly
Extra Defensemen
Normal PowerPlayPenalty Kill
Adam Boqvist, Robert Bortuzzo, Rasmus SandinAdam Boqvist, Robert BortuzzoRasmus Sandin
Penalty Shots
Mitch Marner, Sebastian Aho, Ondrej Palat, Robert Thomas, Adam Henrique
Goalie
Matt Murray, Jake Oettinger
Custom OT Lines Forwards
Mitch Marner, Sebastian Aho, Ondrej Palat, Robert Thomas, Adam Henrique, Seth Jarvis, Cam Atkinson, Sean Kuraly, Elmer Soderblom, Brendan Lemieux
Custom OT Lines Defensemen
Justin Faulk, Chris Tanev, Rasmus Sandin, Timothy Liljegren, Adam Boqvist
Scratches
Anders Bjork (Healthy), Troy Stecher (Healthy)


Play-by-Play

1st period


0:01 of 1st period - Sebastian Aho wins face-off versus Dylan Strome in neutral zone.
0:12 of 1st period - Wrist shot by Sebastian Aho.
0:12 of 1st period - Stopped by Marc-Andre Fleury without a rebound.
0:13 of 1st period - Nick Suzuki wins face-off versus Robert Thomas in Maple Leafs zone.
0:13 of 1st period - Nick Suzuki is hit by Seth Jarvis.
1:46 of 1st period - Wrist shot by William Nylander.
1:46 of 1st period - Stopped by Matt Murray with a rebound.
2:10 of 1st period - Wrist shot by William Nylander.
2:10 of 1st period - Stopped by Matt Murray without a rebound.
2:11 of 1st period - Nick Suzuki wins face-off versus Robert Thomas in Hurricanes zone.
2:14 of 1st period - Snap shot by Michael Bunting.
2:14 of 1st period - Shot Blocked by Chris Tanev.
2:16 of 1st period - Snap shot by Jake Bean.
2:16 of 1st period - Stopped by Matt Murray with a rebound.
2:18 of 1st period - Wrist shot by Nick Suzuki.
2:18 of 1st period - Shot Misses the Net.
2:20 of 1st period - Slapshot by Jake Bean.
2:20 of 1st period - Shot Blocked by Chris Tanev.
3:18 of 1st period - Slapshot by Kris Letang.
3:18 of 1st period - Deflect By Adam Boqvist.
3:18 of 1st period - Stopped by Matt Murray without a rebound.
3:19 of 1st period - Nick Suzuki wins face-off versus Cam Atkinson in Hurricanes zone.
3:44 of 1st period - Adam Henrique is hit by Dylan Strome and loses puck.
4:07 of 1st period - Snap shot by Ondrej Palat.
4:07 of 1st period - Stopped by Marc-Andre Fleury with a rebound.
4:48 of 1st period - Michael Bunting is hit by Robert Thomas.
5:37 of 1st period - Minor Penalty to Sean Kuraly for Holding.
5:38 of 1st period - Mitch Marner wins face-off versus William Nylander in Hurricanes zone.
5:38 of 1st period - Mitch Marner is hit by Jonathan Marchessault.
6:11 of 1st period - Off-side.
6:12 of 1st period - Dylan Strome wins face-off versus Ondrej Palat in neutral zone.
6:27 of 1st period - Chris Tanev is hit by Dylan Strome and loses puck.
6:54 of 1st period - Chris Tanev is hit by Dylan Strome and loses puck.
7:37 of 1st period - Penalty to Sean Kuraly is over, Sean Kuraly is back on ice.
7:51 of 1st period - Wrist shot by Robert Thomas.
7:51 of 1st period - Shot Blocked by Kris Letang.
8:55 of 1st period - Jonathan Marchessault is hit by Chris Tanev and loses puck.
9:05 of 1st period - Off-side.
9:06 of 1st period - Jason Spezza wins face-off versus Robert Thomas in neutral zone.
9:09 of 1st period - Wrist shot by Calle Jarnkrok.
9:09 of 1st period - Shot Misses the Net.
9:31 of 1st period - Snap shot by Nick Suzuki.
9:31 of 1st period - Shot Misses the Net.
10:01 of 1st period - Wrist shot by William Nylander.
10:01 of 1st period - Deflect By Jonathan Marchessault.
10:01 of 1st period - Stopped by Matt Murray with a rebound.
10:07 of 1st period - Slapshot by William Nylander.
10:07 of 1st period - Shot Misses the Net.
10:09 of 1st period - Slapshot by Jake Bean.
10:09 of 1st period - Deflect By Chris Tanev.
10:09 of 1st period - Stopped by Matt Murray with a rebound.
10:21 of 1st period - Wrist shot by Calle Jarnkrok.
10:21 of 1st period - Shot Misses the Net.
10:23 of 1st period - Slapshot by Ryan Graves.
10:23 of 1st period - Stopped by Matt Murray with a rebound.
10:25 of 1st period - Slapshot by Ryan Graves.
10:25 of 1st period - Shot Blocked by Chris Tanev.
10:29 of 1st period - Snap shot by Nicklas Backstrom.
10:29 of 1st period - Shot Misses the Net.
10:40 of 1st period - Off-side.
10:41 of 1st period - Will Smith wins face-off versus Cam Atkinson in neutral zone.
10:59 of 1st period - Icing by Dawson Mercer.
11:00 of 1st period - Will Smith wins face-off versus Sebastian Aho in Maple Leafs zone.
11:00 of 1st period - Will Smith is hit by Mitch Marner.
11:22 of 1st period - Wrist shot by Will Smith.
11:22 of 1st period - Stopped by Matt Murray with a rebound.
11:24 of 1st period - Slapshot by Morgan Rielly.
11:24 of 1st period - Stopped by Matt Murray with a rebound.
11:26 of 1st period - Slapshot by Morgan Rielly.
11:26 of 1st period - Stopped by Matt Murray with a rebound.
11:28 of 1st period - Wrist shot by Ross Colton.
11:28 of 1st period - Shot Misses the Net.
11:30 of 1st period - Slapshot by Morgan Rielly.
11:30 of 1st period - Stopped by Matt Murray without a rebound.
11:31 of 1st period - Dylan Strome wins face-off versus Elmer Soderblom in Hurricanes zone.
11:31 of 1st period - Jonathan Marchessault is hit by Timothy Liljegren and loses puck.
11:49 of 1st period - Icing by Ryan Graves.
11:50 of 1st period - Sebastian Aho wins face-off versus Jonathan Marchessault in Maple Leafs zone.
11:51 of 1st period - Wrist shot by Mitch Marner.
11:51 of 1st period - Stopped by Marc-Andre Fleury with a rebound.
11:53 of 1st period - Slapshot by Ondrej Palat.
11:53 of 1st period - Shot Blocked by William Nylander.
11:55 of 1st period - Snap shot by Sebastian Aho.
11:55 of 1st period - Stopped by Marc-Andre Fleury without a rebound.
11:56 of 1st period - Sebastian Aho wins face-off versus Nick Suzuki in Maple Leafs zone.
12:01 of 1st period - Wrist shot by Ondrej Palat.
12:01 of 1st period - Stopped by Marc-Andre Fleury with a rebound.
12:03 of 1st period - Snap shot by Sebastian Aho.
12:03 of 1st period - Stopped by Marc-Andre Fleury with a rebound.
12:05 of 1st period - Snap shot by Chris Tanev.
12:05 of 1st period - Stopped by Marc-Andre Fleury without a rebound.
12:06 of 1st period - Nick Suzuki wins face-off versus Sebastian Aho in Maple Leafs zone.
12:06 of 1st period - Nick Suzuki is hit by Sebastian Aho.
12:14 of 1st period - Snap shot by Nick Suzuki.
12:14 of 1st period - Stopped by Matt Murray without a rebound.
12:15 of 1st period - Sebastian Aho wins face-off versus Dylan Strome in Hurricanes zone.
12:17 of 1st period - Minor Penalty to Rasmus Sandin for Holding.
12:18 of 1st period - Ondrej Palat wins face-off versus Dylan Strome in Hurricanes zone.
12:34 of 1st period - Snap shot by Dylan Strome.
12:34 of 1st period - Stopped by Matt Murray without a rebound.
12:35 of 1st period - Mitch Marner wins face-off versus William Nylander in Hurricanes zone.
12:35 of 1st period - Mitch Marner is hit by Kris Letang.
12:41 of 1st period - Slapshot by Justin Faulk.
12:41 of 1st period - Stopped by Marc-Andre Fleury without a rebound.
12:42 of 1st period - Mitch Marner wins face-off versus William Nylander in Maple Leafs zone.
12:47 of 1st period - Wrist shot by Sebastian Aho.
12:47 of 1st period - Stopped by Marc-Andre Fleury with a rebound.
12:53 of 1st period - Mitch Marner is hit by William Nylander and loses puck.
13:18 of 1st period - Snap shot by William Nylander.
13:18 of 1st period - Goal by William Nylander - Maple Leafs : 1 - Hurricanes : 0.
13:19 of 1st period - Sebastian Aho wins face-off versus Nick Suzuki in neutral zone.
13:24 of 1st period - Wrist shot by Mitch Marner.
13:24 of 1st period - Stopped by Marc-Andre Fleury without a rebound.
13:25 of 1st period - Carter Verhaeghe wins face-off versus Sebastian Aho in Maple Leafs zone.
13:40 of 1st period - Snap shot by Nick Suzuki.
13:40 of 1st period - Goal by Nick Suzuki - Maple Leafs : 2 - Hurricanes : 0.
13:41 of 1st period - Sebastian Aho wins face-off versus Dylan Strome in neutral zone.
13:50 of 1st period - Snap shot by Sebastian Aho.
13:50 of 1st period - Stopped by Marc-Andre Fleury without a rebound.
13:51 of 1st period - Jonathan Marchessault wins face-off versus Sebastian Aho in Maple Leafs zone.
14:58 of 1st period - Wrist shot by William Nylander.
14:58 of 1st period - Stopped by Matt Murray with a rebound.
15:49 of 1st period - Ondrej Palat is hit by Jonathan Marchessault and loses puck.
16:18 of 1st period - Dylan Strome is hit by Justin Faulk and loses puck.
16:25 of 1st period - Snap shot by Mitch Marner.
16:25 of 1st period - Shot Blocked by Jonathan Marchessault.
16:59 of 1st period - Snap shot by William Nylander.
16:59 of 1st period - Shot Misses the Net.
17:21 of 1st period - Snap shot by William Nylander.
17:21 of 1st period - Stopped by Matt Murray with a rebound.
18:07 of 1st period - Slapshot by William Nylander.
18:07 of 1st period - Stopped by Matt Murray without a rebound.
18:08 of 1st period - Nick Suzuki wins face-off versus Robert Thomas in Hurricanes zone.
18:09 of 1st period - Wrist shot by Michael Bunting.
18:09 of 1st period - Stopped by Matt Murray with a rebound.
18:13 of 1st period - Snap shot by Michael Bunting.
18:13 of 1st period - Shot Misses the Net.
18:15 of 1st period - Wrist shot by Carter Verhaeghe.
18:15 of 1st period - Stopped by Matt Murray without a rebound.
18:16 of 1st period - Nick Suzuki wins face-off versus Robert Thomas in Hurricanes zone.
18:23 of 1st period - Snap shot by Michael Bunting.
18:23 of 1st period - Deflect By Nick Suzuki.
18:23 of 1st period - Shot Blocked by Adam Boqvist.
18:23 of 1st period - Puck is out of play.
18:24 of 1st period - Nick Suzuki wins face-off versus Cam Atkinson in Hurricanes zone.
18:28 of 1st period - Minor Penalty to Robert Bortuzzo for High sticking.
18:29 of 1st period - Jason Spezza wins face-off versus Sean Kuraly in Hurricanes zone.
18:31 of 1st period - Snap shot by Carter Verhaeghe.
18:31 of 1st period - Stopped by Matt Murray with a rebound.
18:40 of 1st period - Minor Penalty to Kris Letang for Slashing.
18:41 of 1st period - Jesper Boqvist wins face-off versus Calle Jarnkrok in Maple Leafs zone.
18:57 of 1st period - Slapshot by Rasmus Sandin.
18:57 of 1st period - Shot Misses the Net.
19:42 of 1st period - Sean Kuraly is hit by Michael Bunting and loses puck.
Goals for this period are 2 for Maple Leafs vs 0 for Hurricanes.
Shots for this period are 21 for Maple Leafs vs 11 for Hurricanes.

2nd period


0:01 of 2nd period - Mitch Marner wins face-off versus William Nylander in neutral zone.
0:28 of 2nd period - Penalty to Robert Bortuzzo is over, Robert Bortuzzo is back on ice.
0:40 of 2nd period - Penalty to Kris Letang is over, Kris Letang is back on ice.
0:40 of 2nd period - Wrist shot by Ondrej Palat.
0:40 of 2nd period - Deflect By Dylan Strome.
0:40 of 2nd period - Stopped by Marc-Andre Fleury without a rebound.
0:41 of 2nd period - Nick Suzuki wins face-off versus Sean Kuraly in Maple Leafs zone.
0:56 of 2nd period - Slapshot by Rasmus Sandin.
0:56 of 2nd period - Stopped by Marc-Andre Fleury without a rebound.
0:57 of 2nd period - Robert Thomas wins face-off versus Will Smith in Maple Leafs zone.
1:45 of 2nd period - Slapshot by Kris Letang.
1:45 of 2nd period - Stopped by Matt Murray with a rebound.
1:47 of 2nd period - Slapshot by Morgan Rielly.
1:47 of 2nd period - Stopped by Matt Murray without a rebound.
1:48 of 2nd period - Robert Thomas wins face-off versus Jason Spezza in Hurricanes zone.
2:18 of 2nd period - Cam Atkinson is hit by Carter Verhaeghe and loses puck.
2:23 of 2nd period - Snap shot by Carter Verhaeghe.
2:23 of 2nd period - Shot Misses the Net.
3:19 of 2nd period - Slapshot by Carter Verhaeghe.
3:19 of 2nd period - Shot Hit the Post.
3:44 of 2nd period - Slapshot by Justin Faulk.
3:44 of 2nd period - Deflect By Elmer Soderblom.
3:44 of 2nd period - Shot Misses the Net.
3:44 of 2nd period - Puck is out of play.
3:45 of 2nd period - Nick Suzuki wins face-off versus Seth Jarvis in Maple Leafs zone.
4:19 of 2nd period - Wrist shot by Calle Jarnkrok.
4:19 of 2nd period - Shot Misses the Net.
4:21 of 2nd period - Slapshot by Jason Spezza.
4:21 of 2nd period - Shot Blocked by Robert Thomas.
4:43 of 2nd period - Slapshot by Robert Thomas.
4:43 of 2nd period - Stopped by Marc-Andre Fleury without a rebound.
4:44 of 2nd period - Nick Suzuki wins face-off versus Cam Atkinson in Maple Leafs zone.
6:15 of 2nd period - Seth Jarvis is hit by Michael Bunting and loses puck.
6:37 of 2nd period - Adam Boqvist is hit by Morgan Rielly and loses puck.
7:05 of 2nd period - Icing by Jonathan Marchessault.
7:06 of 2nd period - Sebastian Aho wins face-off versus Dylan Strome in Maple Leafs zone.
7:11 of 2nd period - Slapshot by Robert Thomas.
7:11 of 2nd period - Shot Blocked by William Nylander.
7:13 of 2nd period - Snap shot by Adam Henrique.
7:13 of 2nd period - Shot Blocked by Ryan Graves.
7:15 of 2nd period - Slapshot by Robert Thomas.
7:15 of 2nd period - Stopped by Marc-Andre Fleury without a rebound.
7:16 of 2nd period - Robert Thomas wins face-off versus Nick Suzuki in Maple Leafs zone.
7:25 of 2nd period - Wrist shot by Adam Henrique.
7:25 of 2nd period - Stopped by Marc-Andre Fleury without a rebound.
7:26 of 2nd period - Cam Atkinson wins face-off versus Nick Suzuki in Maple Leafs zone.
7:26 of 2nd period - Rasmus Sandin is hit by Kris Letang and loses puck.
7:29 of 2nd period - Minor Penalty to Michael Bunting for Roughing.
7:30 of 2nd period - Sebastian Aho wins face-off versus William Nylander in Maple Leafs zone.
7:33 of 2nd period - Snap shot by Sebastian Aho.
7:33 of 2nd period - Stopped by Marc-Andre Fleury without a rebound.
7:34 of 2nd period - Sebastian Aho wins face-off versus William Nylander in Maple Leafs zone.
7:39 of 2nd period - Backhand shot by Mitch Marner.
7:39 of 2nd period - Shot Misses the Net.
8:07 of 2nd period - Wrist shot by Sebastian Aho.
8:07 of 2nd period - Goal by Sebastian Aho - Maple Leafs : 2 - Hurricanes : 1.
8:08 of 2nd period - Nick Suzuki wins face-off versus Cam Atkinson in neutral zone.
8:35 of 2nd period - Adam Henrique is hit by Morgan Rielly and loses puck.
8:46 of 2nd period - Adam Boqvist is hit by Jonathan Marchessault and loses puck.
9:18 of 2nd period - Off-side.
9:19 of 2nd period - Cam Atkinson wins face-off versus Jason Spezza in neutral zone.
10:09 of 2nd period - Slapshot by Nicklas Backstrom.
10:09 of 2nd period - Stopped by Matt Murray without a rebound.
10:10 of 2nd period - Nick Suzuki wins face-off versus Robert Thomas in Hurricanes zone.
11:33 of 2nd period - Backhand shot by Adam Boqvist.
11:33 of 2nd period - Shot Blocked by William Nylander.
12:27 of 2nd period - Wrist shot by Will Smith.
12:27 of 2nd period - Shot Misses the Net.
12:44 of 2nd period - Off-side.
12:45 of 2nd period - William Nylander wins face-off versus Cam Atkinson in neutral zone.
13:20 of 2nd period - Adam Boqvist is hit by Carter Verhaeghe and loses puck.
13:59 of 2nd period - Wrist shot by Cam Atkinson.
13:59 of 2nd period - Shot Misses the Net.
14:01 of 2nd period - Slapshot by Timothy Liljegren.
14:01 of 2nd period - Stopped by Marc-Andre Fleury without a rebound.
14:02 of 2nd period - Cam Atkinson wins face-off versus Nick Suzuki in Maple Leafs zone.
14:02 of 2nd period - Cam Atkinson is hit by Andrew Peeke.
14:06 of 2nd period - Slapshot by Cam Atkinson.
14:06 of 2nd period - Stopped by Marc-Andre Fleury without a rebound.
14:07 of 2nd period - Cam Atkinson wins face-off versus Nick Suzuki in Maple Leafs zone.
14:18 of 2nd period - Snap shot by Rasmus Sandin.
14:18 of 2nd period - Stopped by Marc-Andre Fleury without a rebound.
14:19 of 2nd period - Cam Atkinson wins face-off versus Nick Suzuki in Maple Leafs zone.
14:45 of 2nd period - Cam Atkinson is hit by Ross Colton and loses puck.
15:08 of 2nd period - Slapshot by Rasmus Sandin.
15:08 of 2nd period - Shot Misses the Net.
15:10 of 2nd period - Wrist shot by Robert Thomas.
15:10 of 2nd period - Deflect By Jonathan Marchessault.
15:10 of 2nd period - Stopped by Marc-Andre Fleury with a rebound.
15:12 of 2nd period - Wrist shot by Robert Thomas.
15:12 of 2nd period - Shot Misses the Net.
15:14 of 2nd period - Wrist shot by Rasmus Sandin.
15:14 of 2nd period - Stopped by Marc-Andre Fleury with a rebound.
15:18 of 2nd period - Snap shot by Robert Thomas.
15:18 of 2nd period - Shot Misses the Net.
15:26 of 2nd period - Minor Penalty to Jonathan Marchessault for Tripping.
15:27 of 2nd period - Robert Thomas wins face-off versus William Nylander in Maple Leafs zone.
15:28 of 2nd period - Wrist shot by Adam Henrique.
15:28 of 2nd period - Stopped by Marc-Andre Fleury without a rebound.
15:29 of 2nd period - William Nylander wins face-off versus Robert Thomas in Maple Leafs zone.
16:03 of 2nd period - William Nylander is hit by Mitch Marner and loses puck.
16:31 of 2nd period - Nick Suzuki is hit by Robert Thomas and loses puck.
17:26 of 2nd period - Penalty to Jonathan Marchessault is over, Jonathan Marchessault is back on ice.
17:35 of 2nd period - Jonathan Marchessault is hit by Robert Bortuzzo and loses puck.
17:44 of 2nd period - Slapshot by Adam Boqvist.
17:44 of 2nd period - Shot Misses the Net.
18:00 of 2nd period - Snap shot by Will Smith.
18:00 of 2nd period - Shot Misses the Net.
18:32 of 2nd period - Andrew Peeke is hit by Elmer Soderblom and loses puck.
18:59 of 2nd period - Slapshot by Will Smith.
18:59 of 2nd period - Shot Misses the Net.
Goals for this period are 0 for Maple Leafs vs 1 for Hurricanes.
Shots for this period are 3 for Maple Leafs vs 13 for Hurricanes.

3rd period


0:01 of 3rd period - Nick Suzuki wins face-off versus Robert Thomas in neutral zone.
0:47 of 3rd period - Wrist shot by Sebastian Aho.
0:47 of 3rd period - Deflect By Mitch Marner.
0:47 of 3rd period - Shot Misses the Net.
0:47 of 3rd period - Puck is out of play.
0:48 of 3rd period - Mitch Marner wins face-off versus Dawson Mercer in Maple Leafs zone.
1:24 of 3rd period - Slapshot by Mitch Marner.
1:24 of 3rd period - Stopped by Marc-Andre Fleury with a rebound.
1:26 of 3rd period - Slapshot by Mitch Marner.
1:26 of 3rd period - Stopped by Marc-Andre Fleury without a rebound.
1:27 of 3rd period - Robert Thomas wins face-off versus Michael Bunting in Maple Leafs zone.
1:30 of 3rd period - Slapshot by Seth Jarvis.
1:30 of 3rd period - Stopped by Marc-Andre Fleury with a rebound.
1:53 of 3rd period - William Nylander is hit by Elmer Soderblom and loses puck.
2:20 of 3rd period - Calle Jarnkrok is hit by Brendan Lemieux and loses puck.
2:33 of 3rd period - Seth Jarvis is hit by Ryan Graves and loses puck.
2:54 of 3rd period - Andrew Peeke is hit by Sean Kuraly and loses puck.
2:59 of 3rd period - Snap shot by Cam Atkinson.
2:59 of 3rd period - Stopped by Marc-Andre Fleury with a rebound.
3:17 of 3rd period - Slapshot by William Nylander.
3:17 of 3rd period - Stopped by Matt Murray with a rebound.
3:19 of 3rd period - Snap shot by Andrew Peeke.
3:19 of 3rd period - Shot Blocked by Robert Bortuzzo.
3:57 of 3rd period - Off-side.
3:58 of 3rd period - Cam Atkinson wins face-off versus Nick Suzuki in neutral zone.
4:08 of 3rd period - Sean Kuraly is hit by Kris Letang.
4:32 of 3rd period - Off-side.
4:33 of 3rd period - Seth Jarvis wins face-off versus William Nylander in neutral zone.
4:36 of 3rd period - Slapshot by Adam Boqvist.
4:36 of 3rd period - Shot Blocked by Sean Durzi.
5:10 of 3rd period - Sebastian Aho is hit by Nick Suzuki and loses puck.
5:21 of 3rd period - Morgan Rielly is hit by Sean Kuraly and loses puck.
6:52 of 3rd period - Wrist shot by Will Smith.
6:52 of 3rd period - Stopped by Matt Murray with a rebound.
7:20 of 3rd period - Wrist shot by William Nylander.
7:20 of 3rd period - Deflect By Chris Tanev.
7:20 of 3rd period - Stopped by Matt Murray with a rebound.
7:57 of 3rd period - Wrist shot by Will Smith.
7:57 of 3rd period - Goal by Will Smith - Maple Leafs : 3 - Hurricanes : 1.
7:58 of 3rd period - Dylan Strome wins face-off versus Robert Thomas in neutral zone.
7:58 of 3rd period - William Nylander is hit by Seth Jarvis.
8:12 of 3rd period - Snap shot by Jonathan Marchessault.
8:12 of 3rd period - Deflect By Robert Thomas.
8:12 of 3rd period - Shot Misses the Net.
8:12 of 3rd period - Puck is out of play.
8:13 of 3rd period - Sebastian Aho wins face-off versus Nick Suzuki in Hurricanes zone.
8:13 of 3rd period - Sebastian Aho is hit by Kris Letang.
9:08 of 3rd period - Off-side.
9:09 of 3rd period - Sebastian Aho wins face-off versus Nick Suzuki in neutral zone.
10:06 of 3rd period - Jonathan Marchessault is hit by Seth Jarvis and loses puck.
10:37 of 3rd period - Andrew Peeke is hit by Justin Faulk and loses puck.
10:48 of 3rd period - Snap shot by Will Smith.
10:48 of 3rd period - Stopped by Matt Murray with a rebound.
11:00 of 3rd period - Adam Boqvist is hit by Andrew Peeke and loses puck.
11:21 of 3rd period - Kris Letang is hit by Robert Bortuzzo and loses puck.
11:44 of 3rd period - Snap shot by Dawson Mercer.
11:44 of 3rd period - Stopped by Matt Murray with a rebound.
12:08 of 3rd period - Sean Durzi is hit by Adam Boqvist and loses puck.
12:23 of 3rd period - Sean Durzi is hit by Adam Boqvist and loses puck.
12:42 of 3rd period - Mitch Marner is hit by Ryan Graves.
12:54 of 3rd period - Slapshot by Will Smith.
12:54 of 3rd period - Deflect By Dawson Mercer.
12:54 of 3rd period - Stopped by Matt Murray with a rebound.
12:56 of 3rd period - Wrist shot by Ross Colton.
12:56 of 3rd period - Shot Blocked by Sean Kuraly.
13:13 of 3rd period - Slapshot by Timothy Liljegren.
13:13 of 3rd period - Deflect By Adam Henrique.
13:13 of 3rd period - Shot Misses the Net.
13:13 of 3rd period - Puck is out of play.
13:14 of 3rd period - Robert Thomas wins face-off versus Calle Jarnkrok in Maple Leafs zone.
13:19 of 3rd period - Wrist shot by Robert Thomas.
13:19 of 3rd period - Stopped by Marc-Andre Fleury with a rebound.
13:43 of 3rd period - Snap shot by William Nylander.
13:43 of 3rd period - Shot Blocked by Justin Faulk.
14:03 of 3rd period - Justin Faulk is hit by Nick Suzuki and loses puck.
14:16 of 3rd period - Snap shot by Mitch Marner.
14:16 of 3rd period - Deflect By Robert Thomas.
14:16 of 3rd period - Stopped by Marc-Andre Fleury with a rebound.
14:18 of 3rd period - Wrist shot by Seth Jarvis.
14:18 of 3rd period - Deflect By Robert Thomas.
14:18 of 3rd period - Shot Blocked by Dawson Mercer.
14:18 of 3rd period - Puck is out of play.
14:19 of 3rd period - Robert Thomas wins face-off versus Ross Colton in Maple Leafs zone.
14:34 of 3rd period - Slapshot by Adam Henrique.
14:34 of 3rd period - Stopped by Marc-Andre Fleury without a rebound.
14:35 of 3rd period - Cam Atkinson wins face-off versus Dylan Strome in Maple Leafs zone.
14:35 of 3rd period - Adam Boqvist is hit by William Nylander and loses puck.
14:38 of 3rd period - Snap shot by Adam Boqvist.
14:38 of 3rd period - Deflect By Sean Durzi.
14:38 of 3rd period - Stopped by Marc-Andre Fleury without a rebound.
14:38 of 3rd period - Minor Penalty to Robert Bortuzzo for Holding.
14:39 of 3rd period - Carter Verhaeghe wins face-off versus Mitch Marner in Hurricanes zone.
14:40 of 3rd period - Slapshot by Dylan Strome.
14:40 of 3rd period - Stopped by Matt Murray without a rebound.
14:41 of 3rd period - Dylan Strome wins face-off versus Mitch Marner in Hurricanes zone.
14:48 of 3rd period - Slapshot by Michael Bunting.
14:48 of 3rd period - Shot Blocked by Timothy Liljegren.
14:50 of 3rd period - Slapshot by Sean Durzi.
14:50 of 3rd period - Goal by Sean Durzi - Maple Leafs : 4 - Hurricanes : 1.
14:51 of 3rd period - Robert Thomas wins face-off versus Dylan Strome in neutral zone.
15:06 of 3rd period - Slapshot by Morgan Rielly.
15:06 of 3rd period - Stopped by Matt Murray with a rebound.
15:22 of 3rd period - Snap shot by Robert Bortuzzo.
15:22 of 3rd period - Stopped by Marc-Andre Fleury with a rebound.
15:58 of 3rd period - Ryan Graves is hit by Robert Thomas and loses puck.
16:21 of 3rd period - Wrist shot by Jonathan Marchessault.
16:21 of 3rd period - Shot Misses the Net.
16:39 of 3rd period - Rasmus Sandin is hit by Nick Suzuki and loses puck.
17:39 of 3rd period - Snap shot by Dylan Strome.
17:39 of 3rd period - Shot Blocked by Adam Boqvist.
17:41 of 3rd period - Snap shot by Dylan Strome.
17:41 of 3rd period - Stopped by Matt Murray with a rebound.
17:43 of 3rd period - Slapshot by Kris Letang.
17:43 of 3rd period - Stopped by Matt Murray without a rebound.
17:44 of 3rd period - Nick Suzuki wins face-off versus Robert Thomas in Hurricanes zone.
17:51 of 3rd period - Snap shot by Nick Suzuki.
17:51 of 3rd period - Shot Misses the Net.
17:53 of 3rd period - Slapshot by Sean Durzi.
17:53 of 3rd period - Shot Blocked by Justin Faulk.
17:55 of 3rd period - Slapshot by Sean Durzi.
17:55 of 3rd period - Stopped by Matt Murray without a rebound.
17:56 of 3rd period - Dylan Strome wins face-off versus Robert Thomas in Hurricanes zone.
18:30 of 3rd period - Slapshot by Cam Atkinson.
18:30 of 3rd period - Shot Hit the Post.
18:50 of 3rd period - Slapshot by Sebastian Aho.
18:50 of 3rd period - Stopped by Marc-Andre Fleury without a rebound.
18:51 of 3rd period - Dylan Strome wins face-off versus Ondrej Palat in Maple Leafs zone.
18:51 of 3rd period - Dylan Strome is hit by Rasmus Sandin.
19:28 of 3rd period - Wrist shot by Robert Thomas.
19:28 of 3rd period - Stopped by Marc-Andre Fleury with a rebound.
19:48 of 3rd period - Wrist shot by Dawson Mercer.
19:48 of 3rd period - Stopped by Matt Murray without a rebound.
19:49 of 3rd period - Dylan Strome wins face-off versus Sebastian Aho in Hurricanes zone.
19:50 of 3rd period - Snap shot by William Nylander.
19:50 of 3rd period - Stopped by Matt Murray without a rebound.
19:51 of 3rd period - William Nylander wins face-off versus Sebastian Aho in Hurricanes zone.
Goals for this period are 2 for Maple Leafs vs 0 for Hurricanes.
Shots for this period are 15 for Maple Leafs vs 11 for Hurricanes.